AoeStats
← audi

Arabia

506089616Analyzed
3v3 RM · 21d ago on Sep 12, 2026· 67m 58s· 6 players
Game mode
Random Map
Map size
Normal (6 player)
Population
200
Speed
Normal
Resources
Standard
Victory
Conquest
Starting age
Dark Age
Ending age
Imperial Age
RankedLock teamsTeams togetherTeam positionsShared explorationLock speedFull tech treeHidden civsTurbo modeCheats
Victory
Defeat
🇹🇷 Franks · Türkiye
1190
+16
🇹🇷 Khitans · Türkiye
1177
+17
🇹🇷 Britons · Türkiye
1163
+17
🇬🇧 Vietnamese · United Kingdom
1282
-20
🇩🇪 Spanish · Germany
1183
-16
🇩🇪 Mongols · Germany
1119
-14
Schikaria089
10:39 Feudal Age
11:59 Wheelbarrow
11:35 Double-Bit Axe
13:11 Loom
17:48 Horse Collar
22:05 Castle Age
21:42 Stone Mining
23:54 Stone Shaft Mining
25:09 Hand Cart
27:34 Pikeman
28:14 Squires
28:00 Arson
30:04 Scale Mail Armor
30:14 Forging
45:41 Bow Saw
45:59 Elite Skirmisher
47:34 Padded Archer Armor
49:07 Leather Archer Armor
48:43 Fletching
49:28 Iron Casting
48:59 Scale Barding Armor
53:31 Imperial Age
54:52 Capped Ram
56:46 Heavy Plow
57:31 Town Watch
58:43 Onager
61:18 Two-Man Saw
60:16 Gold Mining
64:42 Imperial Skirmisher
Kerkermeister
7:06 Loom
9:35 Feudal Age
10:35 Double-Bit Axe
13:15 Town Watch
15:41 Horse Collar
17:04 Scale Barding Armor
19:09 Forging
23:03 Castle Age
23:49 Bloodlines
23:32 Fletching
24:36 Bow Saw
26:12 Husbandry
26:26 Bodkin Arrow
34:29 Padded Archer Armor
35:44 Leather Archer Armor
38:15 Ballistics
48:59 Imperial Age
48:12 Wheelbarrow
51:02 Chemistry
50:17 Bracer
51:17 Conscription
53:07 Heavy Plow
53:21 Siege Engineers
57:34 Guard Tower
62:58 Chain Barding Armor
63:14 Iron Casting
63:32 Elite Mangudai
64:47 Hoardings
66:11 Blast Furnace
64:33 Light Cavalry
65:53 Caravan
65:35 Hussar
codobaggins
9:28 Feudal Age
7:52 Loom
10:14 Feudal Age
11:19 Double-Bit Axe
11:57 Horse Collar
15:07 Fletching
19:53 Padded Archer Armor
23:50 Wheelbarrow
26:29 Castle Age
25:54 Scale Mail Armor
26:05 Forging
26:18 Gold Mining
27:05 Bodkin Arrow
26:31 Crossbowman
27:56 Bow Saw
31:50 Squires
32:45 Arson
33:57 Chain Mail Armor
41:00 Imperial Age
38:47 Hand Cart
41:13 Forging
41:27 Chatras
41:42 Scale Barding Armor
42:39 Plate Mail Armor
43:13 Plate Mail Armor
43:06 Chain Barding Armor
43:32 Heavy Plow
44:48 Bloodlines
46:00 Husbandry
45:32 Elite Fire Lancer
47:01 Plate Mail Armor
48:45 Plate Barding Armor
48:36 Elite Battle Elephant
50:41 Iron Casting
52:54 Paper Money
54:07 Two-Man Saw
55:33 Devotion
56:18 Pikeman
57:33 Halberdier
58:48 Leather Archer Armor
57:56 Elite Skirmisher
59:09 Caravan
59:58 Imperial Skirmisher
65:20 Ballistics
66:11 Chemistry
65:32 Bracer
66:08 Ring Archer Armor
Janissaryyy
0:53 Loom
12:25 Feudal Age
20:24 Castle Age
18:44 Domestication
19:32 Double-Bit Axe
20:05 Gold Mining
21:48 Fletching
22:34 Bodkin Arrow
23:12 Padded Archer Armor
24:26 Pastoralism
26:10 Heavy Cavalry Archer
36:49 Ballistics
37:23 Leather Archer Armor
37:50 Thumb Ring
39:21 Bow Saw
39:36 Husbandry
40:15 Stone Mining
43:00 Forging
46:09 Iron Casting
45:39 Scale Barding Armor
47:17 Wheelbarrow
46:27 Town Watch
48:30 Treadmill Crane
49:01 Masonry
48:47 Murder Holes
49:40 Lamellar Armor
50:23 Hand Cart
50:08 Town Patrol
53:29 Imperial Age
52:33 Light Cavalry
55:28 Elite Steppe Lancer
57:39 Chain Barding Armor
58:14 Conscription
59:56 Bracer
59:59 Elite Skirmisher
61:04 Parthian Tactics
61:13 Hussar
65:49 Chemistry
66:18 Ring Archer Armor
68:58 Plate Barding Armor
audi
2:35 Loom
10:14 Feudal Age
13:16 Double-Bit Axe
13:28 Horse Collar
17:37 Fletching
18:04 Padded Archer Armor
22:16 Castle Age
22:58 Wheelbarrow
23:13 Leather Archer Armor
23:05 Heavy Plow
22:40 Elite Skirmisher
22:41 Crossbowman
23:47 Bow Saw
25:16 Gold Mining
26:52 Forging
27:51 Squires
29:42 Town Watch
30:16 Bodkin Arrow
31:50 Ballistics
32:16 Murder Holes
32:45 Husbandry
33:45 Hand Cart
38:07 Imperial Age
35:48 Scale Barding Armor
35:37 Stone Mining
37:55 Scale Mail Armor
39:17 Chain Mail Armor
39:33 Ring Archer Armor
39:03 Bracer
38:48 Cavalier
39:39 Pikeman
41:19 Iron Casting
41:14 Masonry
41:26 Arson
41:43 Halberdier
43:06 Plate Mail Armor
43:27 Chain Barding Armor
45:47 Chemistry
44:13 Arbalester
45:21 Town Patrol
47:11 Blast Furnace
49:37 Plate Barding Armor
50:38 Architecture
50:19 Fortified Wall
50:17 Siege Engineers
50:04 Guard Tower
51:24 Two-Man Saw
52:47 Treadmill Crane
52:58 Heated Shot
58:29 Fortified Wall
58:54 Keep
58:04 Arrowslits
61:28 Hoardings
61:13 Yeomen
65:58 Clinker Construction
Timber
6:45 Loom
9:44 Feudal Age
11:54 Double-Bit Axe
15:31 Scale Barding Armor
17:50 Fletching
19:11 Gold Mining
22:51 Castle Age
21:36 Forging
23:56 Chain Barding Armor
23:52 Bow Saw
25:36 Wheelbarrow
25:40 Husbandry
29:34 Iron Casting
29:24 Stone Mining
30:59 Gold Shaft Mining
32:06 Bodkin Arrow
42:16 Town Watch
45:26 Imperial Age
45:41 Cavalier
47:14 Ballistics
48:49 #83
48:50 Conscription
50:04 Chemistry
50:40 Blast Furnace
50:10 Scale Mail Armor
52:22 Chain Mail Armor
52:11 Elite Throwing Axeman
53:37 Masonry
53:45 Light Cavalry
54:54 Pikeman
55:37 Squires
56:08 Plate Mail Armor
55:43 Halberdier
57:24 Halberdier
57:51 Gambesons
59:28 Hand Cart
61:55 Siege Engineers
65:44 Arson
Connection lost

Rejoining the realm…

Still unreachable

The connection could not be restored.

Session expired

The server has moved on; the page needs a fresh start.